Workbook
Name Calls: [1]Data!$E$4
Name Contribution: [2]Data!$C$2
Name LoanRate: [2]Data!$C$4
Name LumpSum: [2]Data!$C$3
Name Puts: [1]Data!$E$5
Name Shares: [1]Data!$E$3
Name Strike_call: [1]Data!$G$4
Name Strike_put: [1]Data!$G$5

Sheet Q1) data
B3: risk free rate | C3: 0.06
B4: Number of shares | C4: 10000
B5: Volatility | C5: 0.17
B6: Share price (t=0) | C6: 100
C8: Strike price | D8: Term | E8: Number of units
B9: Call | C9: 150 | D9: 2.5 | E9: 2000
B10: Put | C10: 80 | D10: 2.5 | E10: 10000

Sheet Q1 solution
A1: Black-Scholes calculator
A2: Parameters | B2: Call | C2: Put
A3: Share price | B3: ='Q1) data'!C6 -> 100 | C3: ='Q1) data'!C6 -> 100
A4: Strike price | B4: ='Q1) data'!C9 -> 150 | C4: ='Q1) data'!C10 -> 80
A5: Maturity | B5: ='Q1) data'!D9 -> 2.5 | C5: ='Q1) data'!D10 -> 2.5
A6: Risk-free rate | B6: ='Q1) data'!C3 -> 0.06 | C6: ='Q1) data'!C3 -> 0.06
A7: Volatility | B7: ='Q1) data'!C5 -> 0.17 | C7: ='Q1) data'!C5 -> 0.17
A9: Calculations
A10: Present value of strike | B10: =++B4*EXP(-B6*B5) -> 129.1062 | C10: =++C4*EXP(-C6*C5) -> 68.856638
A11: s*t^.5 | B11: =+B7*B5^0.5 -> 0.2687936 | C11: =+C7*C5^0.5 -> 0.2687936
A12: d1 | B12: =+(LN(B3/B4)+(B6+B7*B7/2)*B5)/(B7*B5^0.5) -> -0.81601685 | C12: =++(LN(C3/C4)+(C6+C7*C7/2)*C5)/(C7*C5^0.5) -> 1.5226127
A13: d2 | B13: =+B12-B11 -> -1.0848105 | C13: =+C12-C11 -> 1.2538191
A14: N(d1) | B14: =_xlfn.NORM.DIST(B12,0,1,TRUE) -> 0.20724525 | C14: =_xlfn.NORM.DIST(C12,0,1,TRUE) -> 0.93607218
A15: N(d2) | B15: =_xlfn.NORM.DIST(B13,0,1,TRUE) -> 0.13900281 | C15: =_xlfn.NORM.DIST(C13,0,1,TRUE) -> 0.89504612
A16: Value of option | B16: =B14*B3-B15*B10 -> 2.7784011 | C16: =(C14-1)*C3-C15*C10+C10 -> 0.83399
A18: Portfolio Value
B19: Units held | C19: Current price
A20: Shares | B20: ='Q1) data'!C4 -> 10000 | C20: ='Q1) data'!C6 -> 100
A21: Calls | B21: ='Q1) data'!E9 -> 2000 | C21: ='Q1 solution'!B16 -> 2.7784011
A22: Puts | B22: ='Q1) data'!E10 -> 10000 | C22: ='Q1 solution'!C16 -> 0.83399
A24: Portfolio Value | C24: =SUMPRODUCT(B20:B22,C20:C22) -> 1013896.7 | E24: Portfolio Value | F24: 2
A26: Greeks
A27: Gamma | B27: =_xlfn.NORM.S.DIST(B12, FALSE) / (B3 * B7 * SQRT(B5)) -> 0.010638891 | C27: =_xlfn.NORM.S.DIST(C12, FALSE) / (C3 * C7 * SQRT(C5)) -> 0.0046565895 | E27: Delta | F27: 2
A28: Delta | B28: =B14 -> 0.20724525 | C28: =C14-1 -> -0.063927815 | E28: Gamma | F28: 4
E30: Total | F30: =SUM(F10:F16)+F24+SUM(F27:F28) -> 8

Sheet Q2) data 
B7: Data
B9: Realisation of claims process at time t = 4
B10: Claim Amount
B11: X1 | C11: 1.25
B12: X2 | C12: 0.9
B13: X3 | C13: 0.4
B14: interarrival time
B15: t1 | C15: 0.67
B16: t2 | C16: 1.15
B17: t3 | C17: 0.44
B19: rate of premium income per unit time
B20: c | C20: 1.05
B22: Initial Surplus
B23: U | C23: 0.6

Sheet Q2) i, ii
A3: i) | B3: Aggregate claims process at t=4, S(4) | C3: =SUM('Q2) data '!C11:C13) -> 2.55
A6: ii) | B6: c | C6: ='Q2) data '!C20 -> 1.05
B7: U | C7: ='Q2) data '!C23 -> 0.6
B8: Surplus at t = 4 | C8: =C3 -> 2.55
B10: Value of surplus process at t=4 | C10: =C7+C6*4-C8 -> 2.25

Sheet Q2) iii, iv
B2: c | C2: ='Q2) data '!C20 -> 1.05 | E2: t | F2: X1 | G2: X2 | H2: X3 | I2: S(t) | J2: Ct | K2: U(t) | N2: Minimum value of U to avoid ruin by t = 4 | O2: ='Q2) data '!C23-MIN('Q2) iii, iv'!K3:K502) -> 0.5465
B3: U | C3: ='Q2) data '!C23 -> 0.6 | E3: 0.01 | F3: =IF(E3=$C$7,$C$4,0) -> 0 | G3: =IF(E3=($C$7+$C$8),$C$5,0) -> 0 | H3: =IF(E3=SUM($C$7:$C$9),$C$6,0) -> 0 | I3: =SUM($F$3:H3) -> 0 | J3: =E3*$C$2 -> 0.0105 | K3: =$C$3+J3-I3 -> 0.6105
B4: X1 | C4: ='Q2) data '!C11 -> 1.25 | E4: 0.02 | F4: =IF(E4=$C$7,$C$4,0) -> 0 | G4: =IF(E4=($C$7+$C$8),$C$5,0) -> 0 | H4: =IF(E4=SUM($C$7:$C$9),$C$6,0) -> 0 | I4: =SUM($F$3:H4) -> 0 | J4: =E4*$C$2 -> 0.021 | K4: =$C$3+J4-I4 -> 0.621
B5: X2 | C5: ='Q2) data '!C12 -> 0.9 | E5: 0.03 | F5: =IF(E5=$C$7,$C$4,0) -> 0 | G5: =IF(E5=($C$7+$C$8),$C$5,0) -> 0 | H5: =IF(E5=SUM($C$7:$C$9),$C$6,0) -> 0 | I5: =SUM($F$3:H5) -> 0 | J5: =E5*$C$2 -> 0.0315 | K5: =$C$3+J5-I5 -> 0.6315
B6: X3 | C6: ='Q2) data '!C13 -> 0.4 | E6: 0.04 | F6: =IF(E6=$C$7,$C$4,0) -> 0 | G6: =IF(E6=($C$7+$C$8),$C$5,0) -> 0 | H6: =IF(E6=SUM($C$7:$C$9),$C$6,0) -> 0 | I6: =SUM($F$3:H6) -> 0 | J6: =E6*$C$2 -> 0.042 | K6: =$C$3+J6-I6 -> 0.642
B7: t1 | C7: ='Q2) data '!C15 -> 0.67 | E7: 0.05 | F7: =IF(E7=$C$7,$C$4,0) -> 0 | G7: =IF(E7=($C$7+$C$8),$C$5,0) -> 0 | H7: =IF(E7=SUM($C$7:$C$9),$C$6,0) -> 0 | I7: =SUM($F$3:H7) -> 0 | J7: =E7*$C$2 -> 0.0525 | K7: =$C$3+J7-I7 -> 0.6525
B8: t2 | C8: ='Q2) data '!C16 -> 1.15 | E8: 0.06 | F8: =IF(E8=$C$7,$C$4,0) -> 0 | G8: =IF(E8=($C$7+$C$8),$C$5,0) -> 0 | H8: =IF(E8=SUM($C$7:$C$9),$C$6,0) -> 0 | I8: =SUM($F$3:H8) -> 0 | J8: =E8*$C$2 -> 0.063 | K8: =$C$3+J8-I8 -> 0.663
B9: t3 | C9: ='Q2) data '!C17 -> 0.44 | E9: 0.07 | F9: =IF(E9=$C$7,$C$4,0) -> 0 | G9: =IF(E9=($C$7+$C$8),$C$5,0) -> 0 | H9: =IF(E9=SUM($C$7:$C$9),$C$6,0) -> 0 | I9: =SUM($F$3:H9) -> 0 | J9: =E9*$C$2 -> 0.0735 | K9: =$C$3+J9-I9 -> 0.6735
E10: 0.08 | F10: =IF(E10=$C$7,$C$4,0) -> 0 | G10: =IF(E10=($C$7+$C$8),$C$5,0) -> 0 | H10: =IF(E10=SUM($C$7:$C$9),$C$6,0) -> 0 | I10: =SUM($F$3:H10) -> 0 | J10: =E10*$C$2 -> 0.084 | K10: =$C$3+J10-I10 -> 0.684
E11: 0.09 | F11: =IF(E11=$C$7,$C$4,0) -> 0 | G11: =IF(E11=($C$7+$C$8),$C$5,0) -> 0 | H11: =IF(E11=SUM($C$7:$C$9),$C$6,0) -> 0 | I11: =SUM($F$3:H11) -> 0 | J11: =E11*$C$2 -> 0.0945 | K11: =$C$3+J11-I11 -> 0.6945
E12: 0.1 | F12: =IF(E12=$C$7,$C$4,0) -> 0 | G12: =IF(E12=($C$7+$C$8),$C$5,0) -> 0 | H12: =IF(E12=SUM($C$7:$C$9),$C$6,0) -> 0 | I12: =SUM($F$3:H12) -> 0 | J12: =E12*$C$2 -> 0.105 | K12: =$C$3+J12-I12 -> 0.705
E13: 0.11 | F13: =IF(E13=$C$7,$C$4,0) -> 0 | G13: =IF(E13=($C$7+$C$8),$C$5,0) -> 0 | H13: =IF(E13=SUM($C$7:$C$9),$C$6,0) -> 0 | I13: =SUM($F$3:H13) -> 0 | J13: =E13*$C$2 -> 0.1155 | K13: =$C$3+J13-I13 -> 0.7155
E14: 0.12 | F14: =IF(E14=$C$7,$C$4,0) -> 0 | G14: =IF(E14=($C$7+$C$8),$C$5,0) -> 0 | H14: =IF(E14=SUM($C$7:$C$9),$C$6,0) -> 0 | I14: =SUM($F$3:H14) -> 0 | J14: =E14*$C$2 -> 0.126 | K14: =$C$3+J14-I14 -> 0.726
E15: 0.13 | F15: =IF(E15=$C$7,$C$4,0) -> 0 | G15: =IF(E15=($C$7+$C$8),$C$5,0) -> 0 | H15: =IF(E15=SUM($C$7:$C$9),$C$6,0) -> 0 | I15: =SUM($F$3:H15) -> 0 | J15: =E15*$C$2 -> 0.1365 | K15: =$C$3+J15-I15 -> 0.7365
E16: 0.14 | F16: =IF(E16=$C$7,$C$4,0) -> 0 | G16: =IF(E16=($C$7+$C$8),$C$5,0) -> 0 | H16: =IF(E16=SUM($C$7:$C$9),$C$6,0) -> 0 | I16: =SUM($F$3:H16) -> 0 | J16: =E16*$C$2 -> 0.147 | K16: =$C$3+J16-I16 -> 0.747
E17: 0.15 | F17: =IF(E17=$C$7,$C$4,0) -> 0 | G17: =IF(E17=($C$7+$C$8),$C$5,0) -> 0 | H17: =IF(E17=SUM($C$7:$C$9),$C$6,0) -> 0 | I17: =SUM($F$3:H17) -> 0 | J17: =E17*$C$2 -> 0.1575 | K17: =$C$3+J17-I17 -> 0.7575
E18: 0.16 | F18: =IF(E18=$C$7,$C$4,0) -> 0 | G18: =IF(E18=($C$7+$C$8),$C$5,0) -> 0 | H18: =IF(E18=SUM($C$7:$C$9),$C$6,0) -> 0 | I18: =SUM($F$3:H18) -> 0 | J18: =E18*$C$2 -> 0.168 | K18: =$C$3+J18-I18 -> 0.768
E19: 0.17 | F19: =IF(E19=$C$7,$C$4,0) -> 0 | G19: =IF(E19=($C$7+$C$8),$C$5,0) -> 0 | H19: =IF(E19=SUM($C$7:$C$9),$C$6,0) -> 0 | I19: =SUM($F$3:H19) -> 0 | J19: =E19*$C$2 -> 0.1785 | K19: =$C$3+J19-I19 -> 0.7785
E20: 0.18 | F20: =IF(E20=$C$7,$C$4,0) -> 0 | G20: =IF(E20=($C$7+$C$8),$C$5,0) -> 0 | H20: =IF(E20=SUM($C$7:$C$9),$C$6,0) -> 0 | I20: =SUM($F$3:H20) -> 0 | J20: =E20*$C$2 -> 0.189 | K20: =$C$3+J20-I20 -> 0.789
E21: 0.19 | F21: =IF(E21=$C$7,$C$4,0) -> 0 | G21: =IF(E21=($C$7+$C$8),$C$5,0) -> 0 | H21: =IF(E21=SUM($C$7:$C$9),$C$6,0) -> 0 | I21: =SUM($F$3:H21) -> 0 | J21: =E21*$C$2 -> 0.1995 | K21: =$C$3+J21-I21 -> 0.7995
... E402: 4 | F402: =IF(E402=$C$7,$C$4,0) -> 0 | G402: =IF(E402=($C$7+$C$8),$C$5,0) -> 0 | H402: =IF(E402=SUM($C$7:$C$9),$C$6,0) -> 0 | I402: =SUM($F$3:H402) -> 2.55 | J402: =E402*$C$2 -> 4.2 | K402: =$C$3+J402-I402 -> 2.25

Sheet Q2) v
B3: U | C3: 0.5
B6: θ | C6: Ψ(0.5)
B7: 0 | C7: =1/(1+B7)*EXP(-B7*$C$3/(1+B7)) -> 1
B8: 0.05 | C8: =1/(1+B8)*EXP(-B8*$C$3/(1+B8)) -> 0.92997303
B9: 0.1 | C9: =1/(1+B9)*EXP(-B9*$C$3/(1+B9)) -> 0.86869367
B10: 0.15 | C10: =1/(1+B10)*EXP(-B10*$C$3/(1+B10)) -> 0.81466415
B11: 0.2 | C11: =1/(1+B11)*EXP(-B11*$C$3/(1+B11)) -> 0.76670368
B12: 0.25 | C12: =1/(1+B12)*EXP(-B12*$C$3/(1+B12)) -> 0.72386993
B13: 0.3 | C13: =1/(1+B13)*EXP(-B13*$C$3/(1+B13)) -> 0.6854026
B14: 0.35 | C14: =1/(1+B14)*EXP(-B14*$C$3/(1+B14)) -> 0.65068201
B15: 0.4 | C15: =1/(1+B15)*EXP(-B15*$C$3/(1+B15)) -> 0.6191985
B16: 0.45 | C16: =1/(1+B16)*EXP(-B16*$C$3/(1+B16)) -> 0.59052933
B17: 0.5 | C17: =1/(1+B17)*EXP(-B17*$C$3/(1+B17)) -> 0.56432115
B18: 0.55 | C18: =1/(1+B18)*EXP(-B18*$C$3/(1+B18)) -> 0.54027647
... B27: 1 | C27: =1/(1+B27)*EXP(-B27*$C$3/(1+B27)) -> 0.38940039

Sheet Q3) data
A3: Annual returns
B5: Year
A6: Simulation | B6: 1 | C6: 2 | D6: 3 | E6: 4 | F6: 5 | G6: 6 | H6: 7 | I6: 8 | J6: 9 | K6: 10
A7: 1 | B7: 0.05 | C7: 0.075 | D7: 0.05 | E7: 0.05 | F7: 0.05 | G7: 0.045 | H7: 0.07 | I7: 0.05 | J7: 0.05 | K7: 0.03
A8: 2 | B8: 0.025 | C8: 0.03 | D8: 0.05 | E8: 0.055 | F8: 0.08 | G8: 0.055 | H8: 0.04 | I8: 0.015 | J8: 0.015 | K8: 0.075
A9: 3 | B9: 0.035 | C9: 0.07 | D9: 0.04 | E9: 0.035 | F9: 0.045 | G9: 0.075 | H9: 0.035 | I9: 0.045 | J9: 0.045 | K9: 0.045
A10: 4 | B10: 0.005 | C10: 0.06 | D10: 0.04 | E10: 0.035 | F10: 0.065 | G10: 0.08 | H10: 0.045 | I10: 0.05 | J10: 0.07 | K10: 0.05
A11: 5 | B11: 0.03 | C11: 0.07 | D11: 0.045 | E11: 0.02 | F11: 0.06 | G11: 0.05 | H11: 0.07 | I11: 0.065 | J11: 0.01 | K11: 0.055
A12: 6 | B12: 0.07 | C12: 0.045 | D12: 0.06 | E12: 0.05 | F12: 0.04 | G12: 0.025 | H12: 0.01 | I12: 0.06 | J12: 0 | K12: 0.04
A13: 7 | B13: 0.025 | C13: 0.03 | D13: 0.025 | E13: 0.04 | F13: 0.08 | G13: 0.055 | H13: 0.04 | I13: 0.08 | J13: 0.035 | K13: 0.07
A14: 8 | B14: 0.025 | C14: 0.085 | D14: 0.095 | E14: 0.055 | F14: 0.055 | G14: 0.06 | H14: 0.035 | I14: 0.02 | J14: 0.055 | K14: 0.035
A15: 9 | B15: 0.09 | C15: 0.12 | D15: 0.02 | E15: -0.03 | F15: 0.02 | G15: 0.035 | H15: 0.08 | I15: 0.055 | J15: 0.055 | K15: 0.065
A16: 10 | B16: 0.035 | C16: 0.095 | D16: 0.035 | E16: 0.055 | F16: 0.045 | G16: 0.055 | H16: 0.045 | I16: 0.015 | J16: 0.035 | K16: 0.035
A17: 11 | B17: 0.02 | C17: 0.07 | D17: 0.035 | E17: 0.025 | F17: 0.085 | G17: 0.08 | H17: 0.02 | I17: 0.055 | J17: 0.065 | K17: 0.03
A18: 12 | B18: 0.09 | C18: 0.05 | D18: 0.08 | E18: 0.04 | F18: -0.03 | G18: 0.06 | H18: 0.025 | I18: 0.04 | J18: 0.085 | K18: 0.065
... A106: 100 | B106: 0.01 | C106: 0.015 | D106: 0.06 | E106: 0.015 | F106: 0.02 | G106: 0.035 | H106: 0.055 | I106: 0.055 | J106: 0.035 | K106: 0.045

Sheet Q3 i)
B7: Returns
B8: Year | L8: Avg TWRR | M8: =AVERAGE(M10:M109) -> 0.04574923
A9: Simulation | B9: 0 | C9: 1 | D9: 2 | E9: 3 | F9: 4 | G9: 5 | H9: 6 | I9: 7 | J9: 8 | K9: 9 | L9: 10 | M9: TWRR
A10: 1 | B10: =(1+'Q3) data'!B7) -> 1.05 | C10: =(1+'Q3) data'!C7) -> 1.075 | D10: =(1+'Q3) data'!D7) -> 1.05 | E10: =(1+'Q3) data'!E7) -> 1.05 | F10: =(1+'Q3) data'!F7) -> 1.05 | G10: =(1+'Q3) data'!G7) -> 1.045 | H10: =(1+'Q3) data'!H7) -> 1.07 | I10: =(1+'Q3) data'!I7) -> 1.05 | ... L10: =(1+'Q3) data'!L7) -> 1 | M10: =PRODUCT(B10:L10)^0.1-1 -> 0.051933183
A11: 2 | B11: =(1+'Q3) data'!B8) -> 1.025 | C11: =(1+'Q3) data'!C8) -> 1.03 | D11: =(1+'Q3) data'!D8) -> 1.05 | E11: =(1+'Q3) data'!E8) -> 1.055 | F11: =(1+'Q3) data'!F8) -> 1.08 | G11: =(1+'Q3) data'!G8) -> 1.055 | H11: =(1+'Q3) data'!H8) -> 1.04 | I11: =(1+'Q3) data'!I8) -> 1.015 | ... L11: =(1+'Q3) data'!L8) -> 1 | M11: =PRODUCT(B11:L11)^0.1-1 -> 0.043771166
A12: 3 | B12: =(1+'Q3) data'!B9) -> 1.035 | C12: =(1+'Q3) data'!C9) -> 1.07 | D12: =(1+'Q3) data'!D9) -> 1.04 | E12: =(1+'Q3) data'!E9) -> 1.035 | F12: =(1+'Q3) data'!F9) -> 1.045 | G12: =(1+'Q3) data'!G9) -> 1.075 | H12: =(1+'Q3) data'!H9) -> 1.035 | I12: =(1+'Q3) data'!I9) -> 1.045 | ... L12: =(1+'Q3) data'!L9) -> 1 | M12: =PRODUCT(B12:L12)^0.1-1 -> 0.046914414
A13: 4 | B13: =(1+'Q3) data'!B10) -> 1.005 | C13: =(1+'Q3) data'!C10) -> 1.06 | D13: =(1+'Q3) data'!D10) -> 1.04 | E13: =(1+'Q3) data'!E10) -> 1.035 | F13: =(1+'Q3) data'!F10) -> 1.065 | G13: =(1+'Q3) data'!G10) -> 1.08 | H13: =(1+'Q3) data'!H10) -> 1.045 | I13: =(1+'Q3) data'!I10) -> 1.05 | ... L13: =(1+'Q3) data'!L10) -> 1 | M13: =PRODUCT(B13:L13)^0.1-1 -> 0.049807726
A14: 5 | B14: =(1+'Q3) data'!B11) -> 1.03 | C14: =(1+'Q3) data'!C11) -> 1.07 | D14: =(1+'Q3) data'!D11) -> 1.045 | E14: =(1+'Q3) data'!E11) -> 1.02 | F14: =(1+'Q3) data'!F11) -> 1.06 | G14: =(1+'Q3) data'!G11) -> 1.05 | H14: =(1+'Q3) data'!H11) -> 1.07 | I14: =(1+'Q3) data'!I11) -> 1.065 | ... L14: =(1+'Q3) data'!L11) -> 1 | M14: =PRODUCT(B14:L14)^0.1-1 -> 0.047306948
A15: 6 | B15: =(1+'Q3) data'!B12) -> 1.07 | C15: =(1+'Q3) data'!C12) -> 1.045 | D15: =(1+'Q3) data'!D12) -> 1.06 | E15: =(1+'Q3) data'!E12) -> 1.05 | F15: =(1+'Q3) data'!F12) -> 1.04 | G15: =(1+'Q3) data'!G12) -> 1.025 | H15: =(1+'Q3) data'!H12) -> 1.01 | I15: =(1+'Q3) data'!I12) -> 1.06 | ... L15: =(1+'Q3) data'!L12) -> 1 | M15: =PRODUCT(B15:L15)^0.1-1 -> 0.039779622
A16: 7 | B16: =(1+'Q3) data'!B13) -> 1.025 | C16: =(1+'Q3) data'!C13) -> 1.03 | D16: =(1+'Q3) data'!D13) -> 1.025 | E16: =(1+'Q3) data'!E13) -> 1.04 | F16: =(1+'Q3) data'!F13) -> 1.08 | G16: =(1+'Q3) data'!G13) -> 1.055 | H16: =(1+'Q3) data'!H13) -> 1.04 | I16: =(1+'Q3) data'!I13) -> 1.08 | ... L16: =(1+'Q3) data'!L13) -> 1 | M16: =PRODUCT(B16:L16)^0.1-1 -> 0.047798019
A17: 8 | B17: =(1+'Q3) data'!B14) -> 1.025 | C17: =(1+'Q3) data'!C14) -> 1.085 | D17: =(1+'Q3) data'!D14) -> 1.095 | E17: =(1+'Q3) data'!E14) -> 1.055 | F17: =(1+'Q3) data'!F14) -> 1.055 | G17: =(1+'Q3) data'!G14) -> 1.06 | H17: =(1+'Q3) data'!H14) -> 1.035 | I17: =(1+'Q3) data'!I14) -> 1.02 | ... L17: =(1+'Q3) data'!L14) -> 1 | M17: =PRODUCT(B17:L17)^0.1-1 -> 0.051746762
A18: 9 | B18: =(1+'Q3) data'!B15) -> 1.09 | C18: =(1+'Q3) data'!C15) -> 1.12 | D18: =(1+'Q3) data'!D15) -> 1.02 | E18: =(1+'Q3) data'!E15) -> 0.97 | F18: =(1+'Q3) data'!F15) -> 1.02 | G18: =(1+'Q3) data'!G15) -> 1.035 | H18: =(1+'Q3) data'!H15) -> 1.08 | I18: =(1+'Q3) data'!I15) -> 1.055 | ... L18: =(1+'Q3) data'!L15) -> 1 | M18: =PRODUCT(B18:L18)^0.1-1 -> 0.050227831
A19: 10 | B19: =(1+'Q3) data'!B16) -> 1.035 | C19: =(1+'Q3) data'!C16) -> 1.095 | D19: =(1+'Q3) data'!D16) -> 1.035 | E19: =(1+'Q3) data'!E16) -> 1.055 | F19: =(1+'Q3) data'!F16) -> 1.045 | G19: =(1+'Q3) data'!G16) -> 1.055 | H19: =(1+'Q3) data'!H16) -> 1.045 | I19: =(1+'Q3) data'!I16) -> 1.015 | ... L19: =(1+'Q3) data'!L16) -> 1 | M19: =PRODUCT(B19:L19)^0.1-1 -> 0.044811408
A20: 11 | B20: =(1+'Q3) data'!B17) -> 1.02 | C20: =(1+'Q3) data'!C17) -> 1.07 | D20: =(1+'Q3) data'!D17) -> 1.035 | E20: =(1+'Q3) data'!E17) -> 1.025 | F20: =(1+'Q3) data'!F17) -> 1.085 | G20: =(1+'Q3) data'!G17) -> 1.08 | H20: =(1+'Q3) data'!H17) -> 1.02 | I20: =(1+'Q3) data'!I17) -> 1.055 | ... L20: =(1+'Q3) data'!L17) -> 1 | M20: =PRODUCT(B20:L20)^0.1-1 -> 0.048224032
A21: 12 | B21: =(1+'Q3) data'!B18) -> 1.09 | C21: =(1+'Q3) data'!C18) -> 1.05 | D21: =(1+'Q3) data'!D18) -> 1.08 | E21: =(1+'Q3) data'!E18) -> 1.04 | F21: =(1+'Q3) data'!F18) -> 0.97 | G21: =(1+'Q3) data'!G18) -> 1.06 | H21: =(1+'Q3) data'!H18) -> 1.025 | I21: =(1+'Q3) data'!I18) -> 1.04 | ... L21: =(1+'Q3) data'!L18) -> 1 | M21: =PRODUCT(B21:L21)^0.1-1 -> 0.049950209
... A109: 100 | B109: =(1+'Q3) data'!B106) -> 1.01 | C109: =(1+'Q3) data'!C106) -> 1.015 | D109: =(1+'Q3) data'!D106) -> 1.06 | E109: =(1+'Q3) data'!E106) -> 1.015 | F109: =(1+'Q3) data'!F106) -> 1.02 | G109: =(1+'Q3) data'!G106) -> 1.035 | H109: =(1+'Q3) data'!H106) -> 1.055 | I109: =(1+'Q3) data'!I106) -> 1.055 | ... L109: =(1+'Q3) data'!L106) -> 1 | M109: =PRODUCT(B109:L109)^0.1-1 -> 0.034346717

Sheet Q3 ii)
A3: Initial investment | B3: 100000
B7: Without guarantee
B8: Year
A9: Simulation | B9: 0 | C9: 1 | D9: 2 | E9: 3 | F9: 4 | G9: 5 | H9: 6 | I9: 7 | J9: 8 | K9: 9 | L9: 10
A10: 1 | B10: =$B$3 -> 100000 | C10: =B10*(1+'Q3) data'!B7) -> 105000 | D10: =C10*(1+'Q3) data'!C7) -> 112875 | E10: =D10*(1+'Q3) data'!D7) -> 118518.75 | F10: =E10*(1+'Q3) data'!E7) -> 124444.69 | G10: =F10*(1+'Q3) data'!F7) -> 130666.92 | H10: =G10*(1+'Q3) data'!G7) -> 136546.93 | I10: =H10*(1+'Q3) data'!H7) -> 146105.22 | J10: =I10*(1+'Q3) data'!I7) -> 153410.48 | ... L10: =K10*(1+'Q3) data'!K7) -> 165913.43
A11: 2 | B11: =$B$3 -> 100000 | C11: =B11*(1+'Q3) data'!B8) -> 102500 | D11: =C11*(1+'Q3) data'!C8) -> 105575 | E11: =D11*(1+'Q3) data'!D8) -> 110853.75 | F11: =E11*(1+'Q3) data'!E8) -> 116950.71 | G11: =F11*(1+'Q3) data'!F8) -> 126306.76 | H11: =G11*(1+'Q3) data'!G8) -> 133253.63 | I11: =H11*(1+'Q3) data'!H8) -> 138583.78 | J11: =I11*(1+'Q3) data'!I8) -> 140662.54 | ... L11: =K11*(1+'Q3) data'!K8) -> 153480.41
A12: 3 | B12: =$B$3 -> 100000 | C12: =B12*(1+'Q3) data'!B9) -> 103500 | D12: =C12*(1+'Q3) data'!C9) -> 110745 | E12: =D12*(1+'Q3) data'!D9) -> 115174.8 | F12: =E12*(1+'Q3) data'!E9) -> 119205.92 | G12: =F12*(1+'Q3) data'!F9) -> 124570.18 | H12: =G12*(1+'Q3) data'!G9) -> 133912.95 | I12: =H12*(1+'Q3) data'!H9) -> 138599.9 | J12: =I12*(1+'Q3) data'!I9) -> 144836.9 | ... L12: =K12*(1+'Q3) data'!K9) -> 158165.51
A13: 4 | B13: =$B$3 -> 100000 | C13: =B13*(1+'Q3) data'!B10) -> 100500 | D13: =C13*(1+'Q3) data'!C10) -> 106530 | E13: =D13*(1+'Q3) data'!D10) -> 110791.2 | F13: =E13*(1+'Q3) data'!E10) -> 114668.89 | G13: =F13*(1+'Q3) data'!F10) -> 122122.37 | H13: =G13*(1+'Q3) data'!G10) -> 131892.16 | I13: =H13*(1+'Q3) data'!H10) -> 137827.31 | J13: =I13*(1+'Q3) data'!I10) -> 144718.67 | ... L13: =K13*(1+'Q3) data'!K10) -> 162591.43
A14: 5 | B14: =$B$3 -> 100000 | C14: =B14*(1+'Q3) data'!B11) -> 103000 | D14: =C14*(1+'Q3) data'!C11) -> 110210 | E14: =D14*(1+'Q3) data'!D11) -> 115169.45 | F14: =E14*(1+'Q3) data'!E11) -> 117472.84 | G14: =F14*(1+'Q3) data'!F11) -> 124521.21 | H14: =G14*(1+'Q3) data'!G11) -> 130747.27 | I14: =H14*(1+'Q3) data'!H11) -> 139899.58 | J14: =I14*(1+'Q3) data'!I11) -> 148993.05 | ... L14: =K14*(1+'Q3) data'!K11) -> 158759.55
A15: 6 | B15: =$B$3 -> 100000 | C15: =B15*(1+'Q3) data'!B12) -> 107000 | D15: =C15*(1+'Q3) data'!C12) -> 111815 | E15: =D15*(1+'Q3) data'!D12) -> 118523.9 | F15: =E15*(1+'Q3) data'!E12) -> 124450.1 | G15: =F15*(1+'Q3) data'!F12) -> 129428.1 | H15: =G15*(1+'Q3) data'!G12) -> 132663.8 | I15: =H15*(1+'Q3) data'!H12) -> 133990.44 | J15: =I15*(1+'Q3) data'!I12) -> 142029.87 | ... L15: =K15*(1+'Q3) data'!K12) -> 147711.06
A16: 7 | B16: =$B$3 -> 100000 | C16: =B16*(1+'Q3) data'!B13) -> 102500 | D16: =C16*(1+'Q3) data'!C13) -> 105575 | E16: =D16*(1+'Q3) data'!D13) -> 108214.37 | F16: =E16*(1+'Q3) data'!E13) -> 112542.95 | G16: =F16*(1+'Q3) data'!F13) -> 121546.39 | H16: =G16*(1+'Q3) data'!G13) -> 128231.44 | I16: =H16*(1+'Q3) data'!H13) -> 133360.69 | J16: =I16*(1+'Q3) data'!I13) -> 144029.55 | ... L16: =K16*(1+'Q3) data'!K13) -> 159505.53
A17: 8 | B17: =$B$3 -> 100000 | C17: =B17*(1+'Q3) data'!B14) -> 102500 | D17: =C17*(1+'Q3) data'!C14) -> 111212.5 | E17: =D17*(1+'Q3) data'!D14) -> 121777.69 | F17: =E17*(1+'Q3) data'!E14) -> 128475.46 | G17: =F17*(1+'Q3) data'!F14) -> 135541.61 | H17: =G17*(1+'Q3) data'!G14) -> 143674.11 | I17: =H17*(1+'Q3) data'!H14) -> 148702.7 | J17: =I17*(1+'Q3) data'!I14) -> 151676.76 | ... L17: =K17*(1+'Q3) data'!K14) -> 165619.64
A18: 9 | B18: =$B$3 -> 100000 | C18: =B18*(1+'Q3) data'!B15) -> 109000 | D18: =C18*(1+'Q3) data'!C15) -> 122080 | E18: =D18*(1+'Q3) data'!D15) -> 124521.6 | F18: =E18*(1+'Q3) data'!E15) -> 120785.95 | G18: =F18*(1+'Q3) data'!F15) -> 123201.67 | H18: =G18*(1+'Q3) data'!G15) -> 127513.73 | I18: =H18*(1+'Q3) data'!H15) -> 137714.83 | J18: =I18*(1+'Q3) data'!I15) -> 145289.14 | ... L18: =K18*(1+'Q3) data'!K15) -> 163243.25
A19: 10 | B19: =$B$3 -> 100000 | C19: =B19*(1+'Q3) data'!B16) -> 103500 | D19: =C19*(1+'Q3) data'!C16) -> 113332.5 | E19: =D19*(1+'Q3) data'!D16) -> 117299.14 | F19: =E19*(1+'Q3) data'!E16) -> 123750.59 | G19: =F19*(1+'Q3) data'!F16) -> 129319.37 | H19: =G19*(1+'Q3) data'!G16) -> 136431.93 | I19: =H19*(1+'Q3) data'!H16) -> 142571.37 | J19: =I19*(1+'Q3) data'!I16) -> 144709.94 | ... L19: =K19*(1+'Q3) data'!K16) -> 155016.9
A20: 11 | B20: =$B$3 -> 100000 | C20: =B20*(1+'Q3) data'!B17) -> 102000 | D20: =C20*(1+'Q3) data'!C17) -> 109140 | E20: =D20*(1+'Q3) data'!D17) -> 112959.9 | F20: =E20*(1+'Q3) data'!E17) -> 115783.9 | G20: =F20*(1+'Q3) data'!F17) -> 125625.53 | H20: =G20*(1+'Q3) data'!G17) -> 135675.57 | I20: =H20*(1+'Q3) data'!H17) -> 138389.08 | J20: =I20*(1+'Q3) data'!I17) -> 146000.48 | ... L20: =K20*(1+'Q3) data'!K17) -> 160155.23
A21: 12 | B21: =$B$3 -> 100000 | C21: =B21*(1+'Q3) data'!B18) -> 109000 | D21: =C21*(1+'Q3) data'!C18) -> 114450 | E21: =D21*(1+'Q3) data'!D18) -> 123606 | F21: =E21*(1+'Q3) data'!E18) -> 128550.24 | G21: =F21*(1+'Q3) data'!F18) -> 124693.73 | H21: =G21*(1+'Q3) data'!G18) -> 132175.36 | I21: =H21*(1+'Q3) data'!H18) -> 135479.74 | J21: =I21*(1+'Q3) data'!I18) -> 140898.93 | ... L21: =K21*(1+'Q3) data'!K18) -> 162812.24
... A109: 100 | B109: =$B$3 -> 100000 | C109: =B109*(1+'Q3) data'!B106) -> 101000 | D109: =C109*(1+'Q3) data'!C106) -> 102515 | E109: =D109*(1+'Q3) data'!D106) -> 108665.9 | F109: =E109*(1+'Q3) data'!E106) -> 110295.89 | G109: =F109*(1+'Q3) data'!F106) -> 112501.81 | H109: =G109*(1+'Q3) data'!G106) -> 116439.37 | I109: =H109*(1+'Q3) data'!H106) -> 122843.53 | J109: =I109*(1+'Q3) data'!I106) -> 129599.93 | ... L109: =K109*(1+'Q3) data'!K106) -> 140172.04

Sheet Q3 iii) 
A3: Initial invetment | B3: ='Q3 ii)'!B3 -> 100000
A5: Guaranteed return | B5: 0.045
B7: With guarantee
B8: Year
A9: Simulation | B9: 0 | C9: 1 | D9: 2 | E9: 3 | F9: 4 | G9: 5 | H9: 6 | I9: 7 | J9: 8 | K9: 9 | L9: 10
A10: 1 | B10: =$B$3 -> 100000 | C10: =B10*(1+MAX($B$5,'Q3) data'!B7)) -> 105000 | D10: =C10*(1+MAX($B$5,'Q3) data'!C7)) -> 112875 | E10: =D10*(1+MAX($B$5,'Q3) data'!D7)) -> 118518.75 | F10: =E10*(1+MAX($B$5,'Q3) data'!E7)) -> 124444.69 | G10: =F10*(1+MAX($B$5,'Q3) data'!F7)) -> 130666.92 | H10: =G10*(1+MAX($B$5,'Q3) data'!G7)) -> 136546.93 | I10: =H10*(1+MAX($B$5,'Q3) data'!H7)) -> 146105.22 | J10: =I10*(1+MAX($B$5,'Q3) data'!I7)) -> 153410.48 | ... L10: =K10*(1+MAX($B$5,'Q3) data'!K7)) -> 168329.65
A11: 2 | B11: =$B$3 -> 100000 | C11: =B11*(1+MAX($B$5,'Q3) data'!B8)) -> 104500 | D11: =C11*(1+MAX($B$5,'Q3) data'!C8)) -> 109202.5 | E11: =D11*(1+MAX($B$5,'Q3) data'!D8)) -> 114662.62 | F11: =E11*(1+MAX($B$5,'Q3) data'!E8)) -> 120969.07 | G11: =F11*(1+MAX($B$5,'Q3) data'!F8)) -> 130646.59 | H11: =G11*(1+MAX($B$5,'Q3) data'!G8)) -> 137832.16 | I11: =H11*(1+MAX($B$5,'Q3) data'!H8)) -> 144034.6 | J11: =I11*(1+MAX($B$5,'Q3) data'!I8)) -> 150516.16 | ... L11: =K11*(1+MAX($B$5,'Q3) data'!K8)) -> 169086.09
A12: 3 | B12: =$B$3 -> 100000 | C12: =B12*(1+MAX($B$5,'Q3) data'!B9)) -> 104500 | D12: =C12*(1+MAX($B$5,'Q3) data'!C9)) -> 111815 | E12: =D12*(1+MAX($B$5,'Q3) data'!D9)) -> 116846.67 | F12: =E12*(1+MAX($B$5,'Q3) data'!E9)) -> 122104.78 | G12: =F12*(1+MAX($B$5,'Q3) data'!F9)) -> 127599.49 | H12: =G12*(1+MAX($B$5,'Q3) data'!G9)) -> 137169.45 | I12: =H12*(1+MAX($B$5,'Q3) data'!H9)) -> 143342.08 | J12: =I12*(1+MAX($B$5,'Q3) data'!I9)) -> 149792.47 | ... L12: =K12*(1+MAX($B$5,'Q3) data'!K9)) -> 163577.12
A13: 4 | B13: =$B$3 -> 100000 | C13: =B13*(1+MAX($B$5,'Q3) data'!B10)) -> 104500 | D13: =C13*(1+MAX($B$5,'Q3) data'!C10)) -> 110770 | E13: =D13*(1+MAX($B$5,'Q3) data'!D10)) -> 115754.65 | F13: =E13*(1+MAX($B$5,'Q3) data'!E10)) -> 120963.61 | G13: =F13*(1+MAX($B$5,'Q3) data'!F10)) -> 128826.24 | H13: =G13*(1+MAX($B$5,'Q3) data'!G10)) -> 139132.34 | I13: =H13*(1+MAX($B$5,'Q3) data'!H10)) -> 145393.3 | J13: =I13*(1+MAX($B$5,'Q3) data'!I10)) -> 152662.96 | ... L13: =K13*(1+MAX($B$5,'Q3) data'!K10)) -> 171516.84
A14: 5 | B14: =$B$3 -> 100000 | C14: =B14*(1+MAX($B$5,'Q3) data'!B11)) -> 104500 | D14: =C14*(1+MAX($B$5,'Q3) data'!C11)) -> 111815 | E14: =D14*(1+MAX($B$5,'Q3) data'!D11)) -> 116846.67 | F14: =E14*(1+MAX($B$5,'Q3) data'!E11)) -> 122104.78 | G14: =F14*(1+MAX($B$5,'Q3) data'!F11)) -> 129431.06 | H14: =G14*(1+MAX($B$5,'Q3) data'!G11)) -> 135902.61 | I14: =H14*(1+MAX($B$5,'Q3) data'!H11)) -> 145415.8 | J14: =I14*(1+MAX($B$5,'Q3) data'!I11)) -> 154867.82 | ... L14: =K14*(1+MAX($B$5,'Q3) data'!K11)) -> 170737.91
A15: 6 | B15: =$B$3 -> 100000 | C15: =B15*(1+MAX($B$5,'Q3) data'!B12)) -> 107000 | D15: =C15*(1+MAX($B$5,'Q3) data'!C12)) -> 111815 | E15: =D15*(1+MAX($B$5,'Q3) data'!D12)) -> 118523.9 | F15: =E15*(1+MAX($B$5,'Q3) data'!E12)) -> 124450.1 | G15: =F15*(1+MAX($B$5,'Q3) data'!F12)) -> 130050.35 | H15: =G15*(1+MAX($B$5,'Q3) data'!G12)) -> 135902.61 | I15: =H15*(1+MAX($B$5,'Q3) data'!H12)) -> 142018.23 | J15: =I15*(1+MAX($B$5,'Q3) data'!I12)) -> 150539.33 | ... L15: =K15*(1+MAX($B$5,'Q3) data'!K12)) -> 164392.71
A16: 7 | B16: =$B$3 -> 100000 | C16: =B16*(1+MAX($B$5,'Q3) data'!B13)) -> 104500 | D16: =C16*(1+MAX($B$5,'Q3) data'!C13)) -> 109202.5 | E16: =D16*(1+MAX($B$5,'Q3) data'!D13)) -> 114116.61 | F16: =E16*(1+MAX($B$5,'Q3) data'!E13)) -> 119251.86 | G16: =F16*(1+MAX($B$5,'Q3) data'!F13)) -> 128792.01 | H16: =G16*(1+MAX($B$5,'Q3) data'!G13)) -> 135875.57 | I16: =H16*(1+MAX($B$5,'Q3) data'!H13)) -> 141989.97 | J16: =I16*(1+MAX($B$5,'Q3) data'!I13)) -> 153349.17 | ... L16: =K16*(1+MAX($B$5,'Q3) data'!K13)) -> 171467.37
A17: 8 | B17: =$B$3 -> 100000 | C17: =B17*(1+MAX($B$5,'Q3) data'!B14)) -> 104500 | D17: =C17*(1+MAX($B$5,'Q3) data'!C14)) -> 113382.5 | E17: =D17*(1+MAX($B$5,'Q3) data'!D14)) -> 124153.84 | F17: =E17*(1+MAX($B$5,'Q3) data'!E14)) -> 130982.3 | G17: =F17*(1+MAX($B$5,'Q3) data'!F14)) -> 138186.32 | H17: =G17*(1+MAX($B$5,'Q3) data'!G14)) -> 146477.5 | I17: =H17*(1+MAX($B$5,'Q3) data'!H14)) -> 153068.99 | J17: =I17*(1+MAX($B$5,'Q3) data'!I14)) -> 159957.1 | ... L17: =K17*(1+MAX($B$5,'Q3) data'!K14)) -> 176348.7
A18: 9 | B18: =$B$3 -> 100000 | C18: =B18*(1+MAX($B$5,'Q3) data'!B15)) -> 109000 | D18: =C18*(1+MAX($B$5,'Q3) data'!C15)) -> 122080 | E18: =D18*(1+MAX($B$5,'Q3) data'!D15)) -> 127573.6 | F18: =E18*(1+MAX($B$5,'Q3) data'!E15)) -> 133314.41 | G18: =F18*(1+MAX($B$5,'Q3) data'!F15)) -> 139313.56 | H18: =G18*(1+MAX($B$5,'Q3) data'!G15)) -> 145582.67 | I18: =H18*(1+MAX($B$5,'Q3) data'!H15)) -> 157229.28 | J18: =I18*(1+MAX($B$5,'Q3) data'!I15)) -> 165876.9 | ... L18: =K18*(1+MAX($B$5,'Q3) data'!K15)) -> 186375.13
A19: 10 | B19: =$B$3 -> 100000 | C19: =B19*(1+MAX($B$5,'Q3) data'!B16)) -> 104500 | D19: =C19*(1+MAX($B$5,'Q3) data'!C16)) -> 114427.5 | E19: =D19*(1+MAX($B$5,'Q3) data'!D16)) -> 119576.74 | F19: =E19*(1+MAX($B$5,'Q3) data'!E16)) -> 126153.46 | G19: =F19*(1+MAX($B$5,'Q3) data'!F16)) -> 131830.36 | H19: =G19*(1+MAX($B$5,'Q3) data'!G16)) -> 139081.03 | I19: =H19*(1+MAX($B$5,'Q3) data'!H16)) -> 145339.68 | J19: =I19*(1+MAX($B$5,'Q3) data'!I16)) -> 151879.97 | ... L19: =K19*(1+MAX($B$5,'Q3) data'!K16)) -> 165856.72
A20: 11 | B20: =$B$3 -> 100000 | C20: =B20*(1+MAX($B$5,'Q3) data'!B17)) -> 104500 | D20: =C20*(1+MAX($B$5,'Q3) data'!C17)) -> 111815 | E20: =D20*(1+MAX($B$5,'Q3) data'!D17)) -> 116846.67 | F20: =E20*(1+MAX($B$5,'Q3) data'!E17)) -> 122104.78 | G20: =F20*(1+MAX($B$5,'Q3) data'!F17)) -> 132483.68 | H20: =G20*(1+MAX($B$5,'Q3) data'!G17)) -> 143082.38 | I20: =H20*(1+MAX($B$5,'Q3) data'!H17)) -> 149521.08 | J20: =I20*(1+MAX($B$5,'Q3) data'!I17)) -> 157744.74 | ... L20: =K20*(1+MAX($B$5,'Q3) data'!K17)) -> 175558.07
A21: 12 | B21: =$B$3 -> 100000 | C21: =B21*(1+MAX($B$5,'Q3) data'!B18)) -> 109000 | D21: =C21*(1+MAX($B$5,'Q3) data'!C18)) -> 114450 | E21: =D21*(1+MAX($B$5,'Q3) data'!D18)) -> 123606 | F21: =E21*(1+MAX($B$5,'Q3) data'!E18)) -> 129168.27 | G21: =F21*(1+MAX($B$5,'Q3) data'!F18)) -> 134980.84 | H21: =G21*(1+MAX($B$5,'Q3) data'!G18)) -> 143079.69 | I21: =H21*(1+MAX($B$5,'Q3) data'!H18)) -> 149518.28 | J21: =I21*(1+MAX($B$5,'Q3) data'!I18)) -> 156246.6 | ... L21: =K21*(1+MAX($B$5,'Q3) data'!K18)) -> 180546.85
... A109: 100 | B109: =$B$3 -> 100000 | C109: =B109*(1+MAX($B$5,'Q3) data'!B106)) -> 104500 | D109: =C109*(1+MAX($B$5,'Q3) data'!C106)) -> 109202.5 | E109: =D109*(1+MAX($B$5,'Q3) data'!D106)) -> 115754.65 | F109: =E109*(1+MAX($B$5,'Q3) data'!E106)) -> 120963.61 | G109: =F109*(1+MAX($B$5,'Q3) data'!F106)) -> 126406.97 | H109: =G109*(1+MAX($B$5,'Q3) data'!G106)) -> 132095.29 | I109: =H109*(1+MAX($B$5,'Q3) data'!H106)) -> 139360.53 | J109: =I109*(1+MAX($B$5,'Q3) data'!I106)) -> 147025.36 | ... L109: =K109*(1+MAX($B$5,'Q3) data'!K106)) -> 160555.36

Sheet Q3 iv
A2: Discount rate | B2: 0.04
A4: PV factor | B4: =(1+B2)^-10 -> 0.67556417
A9: Simulation | B9: Value of Guarantee | C9: PV of guarantee
A10: 1 | B10: ='Q3 iii) '!L10-'Q3 ii)'!L10 -> 2416.2151 | C10: =B10*$B$4 -> 1632.3083
A11: 2 | B11: ='Q3 iii) '!L11-'Q3 ii)'!L11 -> 15605.683 | C11: =B11*$B$4 -> 10542.64
A12: 3 | B12: ='Q3 iii) '!L12-'Q3 ii)'!L12 -> 5411.6107 | C12: =B12*$B$4 -> 3655.8903
A13: 4 | B13: ='Q3 iii) '!L13-'Q3 ii)'!L13 -> 8925.4117 | C13: =B13*$B$4 -> 6029.6883
A14: 5 | B14: ='Q3 iii) '!L14-'Q3 ii)'!L14 -> 11978.359 | C14: =B14*$B$4 -> 8092.1504
A15: 6 | B15: ='Q3 iii) '!L15-'Q3 ii)'!L15 -> 16681.648 | C15: =B15*$B$4 -> 11269.524
A16: 7 | B16: ='Q3 iii) '!L16-'Q3 ii)'!L16 -> 11961.846 | C16: =B16*$B$4 -> 8080.9947
A17: 8 | B17: ='Q3 iii) '!L17-'Q3 ii)'!L17 -> 10729.06 | C17: =B17*$B$4 -> 7248.1682
A18: 9 | B18: ='Q3 iii) '!L18-'Q3 ii)'!L18 -> 23131.883 | C18: =B18*$B$4 -> 15627.071
A19: 10 | B19: ='Q3 iii) '!L19-'Q3 ii)'!L19 -> 10839.815 | C19: =B19*$B$4 -> 7322.9906
A20: 11 | B20: ='Q3 iii) '!L20-'Q3 ii)'!L20 -> 15402.838 | C20: =B20*$B$4 -> 10405.606
A21: 12 | B21: ='Q3 iii) '!L21-'Q3 ii)'!L21 -> 17734.618 | C21: =B21*$B$4 -> 11980.872
... A109: 100 | B109: ='Q3 iii) '!L109-'Q3 ii)'!L109 -> 20383.32 | C109: =B109*$B$4 -> 13770.241

Sheet Q3) v
B4: The proportion of equity is higher in order to maximise return and meet guarantee
B5: Normally equity returns are expected to be higher than debt returns, and hence the higher proportion allocated to equity
B6: Average return of equity is higher than the guarantee.
B7: Although equity return is expected to be higher than the guarantee, not all 100% is in equity , 30% is in debt which offers lower returns than the guarantee
B8: Equity is high risk and there are chances that the return is not achieved
B9: These calculations are simulation based and can be very different from reality
B10: 10 years is a long time period and there can be many changes in the economy and rates different instruments offer
B11: The company sells both variants of the product with and without guarantee, the proportion of with guarantee products also impacts this allocation

Sheet Q4) data 
B3: Incurred Claims
B6: Loss Year/ Dev Year | C6: 1 | D6: 2 | E6: 3 | F6: 4
B7: 2021 | C7: 560321 | D7: 645121 | E7: 768917 | F7: 803995
B8: 2022 | C8: 453012 | D8: 498734 | E8: 650123
B9: 2023 | C9: 512731 | D9: 637655
B10: 2024 | C10: 650576
B14: Earned Premium
B15: 2021 | C15: 893328
B16: 2022 | C16: 764851
B17: 2023 | C17: =900250 -> 900250
B18: 2024 | C18: 963854

Sheet Q4 i) and ii)
B3: Incurred Claims
B6: Loss Year/ Dev Year | C6: 1 | D6: 2 | E6: 3 | F6: 4
B7: 2021 | C7: 560321 | D7: 645121 | E7: 768917 | F7: 803995
B8: 2022 | C8: 453012 | D8: 498734 | E8: 650123
B9: 2023 | C9: 512731 | D9: 637655
B10: 2024 | C10: 650576
B12: Development factors | D12: =SUM(D7:D9)/SUM(C7:C9) -> 1.1673888 | E12: =SUM(E7:E8)/SUM(D7:D8) -> 1.2405768 | F12: =F7/E7 -> 1.04562
B14: Loss Year | C14: Incurred | D14: Dev factor | E14: Ultimate claims | F14: Reserve | G14: Tail factor | H14: Adjusted ultimate | I14: Adjusted Reserve
B15: 2021 | C15: =F7 -> 803995 | D15: 1 | E15: =D15*C15 -> 803995 | F15: =E15-C15 -> 0 | G15: 0.025 | H15: =E15*(1+G15) -> 824094.87 | I15: =H15-C15 -> 20099.875
B16: 2022 | C16: =E8 -> 650123 | D16: =F12 -> 1.04562 | E16: =D16*C16 -> 679781.62 | F16: =E16-C16 -> 29658.617 | G16: 0.025 | H16: =E16*(1+G16) -> 696776.16 | I16: =H16-C16 -> 46653.157
B17: 2023 | C17: =D9 -> 637655 | D17: =PRODUCT(E12:F12) -> 1.2971719 | E17: =D17*C17 -> 827148.18 | F17: =E17-C17 -> 189493.18 | G17: 0.05 | H17: =E17*(1+G17) -> 868505.59 | I17: =H17-C17 -> 230850.59
B18: 2024 | C18: =C10 -> 650576 | D18: =PRODUCT(D12:F12) -> 1.514304 | E18: =D18*C18 -> 985169.83 | F18: =E18-C18 -> 334593.83 | G18: 0.05 | H18: =E18*(1+G18) -> 1034428.3 | I18: =H18-C18 -> 383852.32
B19: Total reserve | F19: =SUM(F15:F18) -> 553745.62 | I19: =SUM(I15:I18) -> 681455.94

Sheet Q4 iii)
B3: Incurred Claims
B6: Loss Year/ Dev Year | C6: 1 | D6: 2 | E6: 3 | F6: 4
B7: 2021 | C7: 560321 | D7: 645121 | E7: 768917 | F7: 803995
B8: 2022 | C8: 453012 | D8: 498734 | E8: 650123
B9: 2023 | C9: 512731 | D9: 637655
B10: 2024 | C10: 650576
B12: Development factors | D12: =SUM(D7:D9)/SUM(C7:C9) -> 1.1673888 | E12: =SUM(E7:E8)/SUM(D7:D8) -> 1.2405768 | F12: =F7/E7 -> 1.04562
B13: Estimated Loss Ratio | C13: =F7/C16 -> 0.89999978
B15: Loss Year | C15: Earned Premium | D15: Incurred | E15: f | F15: 1-1/f | G15: Expected loss | H15: Adjusted Reserves
B16: 2021 | C16: ='Q4) data '!C15 -> 893328 | D16: =F7 -> 803995 | E16: 1 | G16: =C16*$C$13 -> 803995
B17: 2022 | C17: ='Q4) data '!C16 -> 764851 | D17: =E8 -> 650123 | E17: =F12 -> 1.04562 | F17: =1-1/E17 -> 0.043629625 | G17: =C17*$C$13 -> 688365.73 | H17: =G17*F17 -> 30033.138
B18: 2023 | C18: ='Q4) data '!C17 -> 900250 | D18: =D9 -> 637655 | E18: =PRODUCT(E12:F12) -> 1.2971719 | F18: =1-1/E18 -> 0.22909218 | G18: =C18*$C$13 -> 810224.8 | H18: =G18*F18 -> 185616.16
B19: 2024 | C19: ='Q4) data '!C18 -> 963854 | D19: =C10 -> 650576 | E19: =PRODUCT(D12:F12) -> 1.514304 | F19: =1-1/E19 -> 0.33963061 | G19: =C19*$C$13 -> 867468.38 | H19: =G19*F19 -> 294618.82
B20: Total reserve | H20: =SUM(H17:H19) -> 510268.12

Sheet Q4 iv) 
A1: Method | B1: reserve
A2: BCL | B2: ='Q4 i) and ii)'!F19 -> 553745.62
A3: Tail factor | B3: ='Q4 i) and ii)'!I19 -> 681455.94
A4: BF | B4: ='Q4 iii)'!H20 -> 510268.12
C5: Results
D6: The tailfactor gives the highest reserve requirement, while BF is the least.
D7: This could be because of we expect more claims from each year and increase ultimates to reflect this.
D8: While in the other two methods, we assume the first year is fully run off
D9: The BCL method is least reliable because, the ocmpany has only 4 years' data
C10: Suitability
D11: Product liability is a long tailed line of business and there are claims being contested in court that further delay reporting and settlements
D12: The first year in the triangle is assumed to be fully developed in the BCL. In reality it maybe developing even now.
D14: Tail factor method allows us to adjust the ultimate claims for late developments in incurreds.
D15: However, there is no explanation of how the tail factor for each year was arrived at
D17: The loss ratio assumption is based on year 1 In the BF method, and year 1 may not be fully developed yet
D18: Also the loss ratio for the first year may end up being much higher than 90% and we maybe underestimating claims

Sheet Q5) data 
A2: Annual contribution | C2: 500000
A6: Simulated Returns
B7: Simulation
A8: Year | B8: 1 | C8: 2 | D8: 3 | E8: 4 | F8: 5
A9: 1 | B9: 0.015518886 | C9: 0.054269029 | D9: 0.03586458 | E9: 0.038582131 | F9: 0.055666013
A10: 2 | B10: 0.055649239 | C10: 0.012040491 | D10: 0.0024997079 | E10: 0.094393106 | F10: 0.049984025
A11: 3 | B11: 0.043284787 | C11: 0.046755513 | D11: 0.084340219 | E11: 0.075978055 | F11: -0.025330985
A12: 4 | B12: 0.016677604 | C12: 0.12336218 | D12: -0.03381921 | E12: 0.025580805 | F12: -0.01961878
A13: 5 | B13: 0.016677604 | C13: 0.12336218 | D13: -0.03381921 | E13: 0.025580805 | F13: -0.01661878
A14: 6 | B14: 0.017712328 | C14: -0.022164211 | D14: 0.00043541994 | E14: 0.15241982 | F14: 0.017577816
A15: 7 | B15: 0.030339083 | C15: 0.001491927 | D15: -0.052872383 | E15: 0.058165551 | F15: -0.0068336207
A16: 8 | B16: -0.033186352 | C16: 0.16885302 | D16: 0.007103408 | E16: -0.027624359 | F16: 0.0550578
A17: 9 | B17: -0.0112 | C17: 0.058203806 | D17: 0.06 | E17: 0.01086017 | F17: 0.11631447
A18: 10 | B18: 0.05 | C18: 0.014115954 | D18: 0.056380513 | E18: 0.016682542 | F18: 0.060691537

Sheet Q5) i ii iii
B2: Simulated returns | I2: fund values
A3: Time | C3: 1 | D3: 2 | E3: 3 | F3: 4 | G3: 5 | I3: 1 | J3: 2 | K3: 3 | L3: 4 | M3: 5
A4: 0 | C4: =1+'Q5) data '!B9 -> 1.0155189 | D4: =1+'Q5) data '!C9 -> 1.054269 | E4: =1+'Q5) data '!D9 -> 1.0358646 | F4: =1+'Q5) data '!E9 -> 1.0385821 | G4: =1+'Q5) data '!F9 -> 1.055666 | I4: ='Q5) data '!$C$2 -> 500000 | J4: ='Q5) data '!$C$2 -> 500000 | K4: ='Q5) data '!$C$2 -> 500000 | L4: ='Q5) data '!$C$2 -> 500000 | M4: ='Q5) data '!$C$2 -> 500000
A5: 1 | C5: =1+'Q5) data '!B10 -> 1.0556492 | D5: =1+'Q5) data '!C10 -> 1.0120405 | E5: =1+'Q5) data '!D10 -> 1.0024997 | F5: =1+'Q5) data '!E10 -> 1.0943931 | G5: =1+'Q5) data '!F10 -> 1.049984 | I5: =I4*C4+'Q5) data '!$C$2 -> 1007759.4 | J5: =J4*D4+'Q5) data '!$C$2 -> 1027134.5 | K5: =K4*E4+'Q5) data '!$C$2 -> 1017932.3 | L5: =L4*F4+'Q5) data '!$C$2 -> 1019291.1 | M5: =M4*G4+'Q5) data '!$C$2 -> 1027833
A6: 2 | C6: =1+'Q5) data '!B11 -> 1.0432848 | D6: =1+'Q5) data '!C11 -> 1.0467555 | E6: =1+'Q5) data '!D11 -> 1.0843402 | F6: =1+'Q5) data '!E11 -> 1.0759781 | G6: =1+'Q5) data '!F11 -> 0.97466902 | I6: =I5*C5+'Q5) data '!$C$2 -> 1563840.5 | J6: =J5*D5+'Q5) data '!$C$2 -> 1539501.7 | K6: =K5*E5+'Q5) data '!$C$2 -> 1520476.8 | L6: =L5*F5+'Q5) data '!$C$2 -> 1615505.1 | M6: =M5*G5+'Q5) data '!$C$2 -> 1579208.2
A7: 3 | C7: =1+'Q5) data '!B12 -> 1.0166776 | D7: =1+'Q5) data '!C12 -> 1.1233622 | E7: =1+'Q5) data '!D12 -> 0.96618079 | F7: =1+'Q5) data '!E12 -> 1.0255808 | G7: =1+'Q5) data '!F12 -> 0.98038122 | I7: =I6*C6+'Q5) data '!$C$2 -> 2131531 | J7: =J6*D6+'Q5) data '!$C$2 -> 2111481.9 | K7: =K6*E6+'Q5) data '!$C$2 -> 2148714.2 | L7: =L6*F6+'Q5) data '!$C$2 -> 2238248.1 | M7: =M6*G6+'Q5) data '!$C$2 -> 2039205.3
A8: 4 | C8: =1+'Q5) data '!B13 -> 1.0166776 | D8: =1+'Q5) data '!C13 -> 1.1233622 | E8: =1+'Q5) data '!D13 -> 0.96618079 | F8: =1+'Q5) data '!E13 -> 1.0255808 | G8: =1+'Q5) data '!F13 -> 0.98338122 | I8: =I7*C7+'Q5) data '!$C$2 -> 2667079.8 | J8: =J7*D7+'Q5) data '!$C$2 -> 2871958.9 | K8: =K7*E7+'Q5) data '!$C$2 -> 2576046.4 | L8: =L7*F7+'Q5) data '!$C$2 -> 2795504.2 | M8: =M7*G7+'Q5) data '!$C$2 -> 2499198.6
A9: 5 | C9: =1+'Q5) data '!B14 -> 1.0177123 | D9: =1+'Q5) data '!C14 -> 0.97783579 | E9: =1+'Q5) data '!D14 -> 1.0004354 | F9: =1+'Q5) data '!E14 -> 1.1524198 | G9: =1+'Q5) data '!F14 -> 1.0175778 | I9: =I8*C8+'Q5) data '!$C$2 -> 3211560.3 | J9: =J8*D8+'Q5) data '!$C$2 -> 3726250 | K9: =K8*E8+'Q5) data '!$C$2 -> 2988926.5 | L9: =L8*F8+'Q5) data '!$C$2 -> 3367015.5 | M9: =M8*G8+'Q5) data '!$C$2 -> 2957665
A10: 6 | C10: =1+'Q5) data '!B15 -> 1.0303391 | D10: =1+'Q5) data '!C15 -> 1.0014919 | E10: =1+'Q5) data '!D15 -> 0.94712762 | F10: =1+'Q5) data '!E15 -> 1.0581656 | G10: =1+'Q5) data '!F15 -> 0.99316638 | I10: =I9*C9+'Q5) data '!$C$2 -> 3768444.5 | J10: =J9*D9+'Q5) data '!$C$2 -> 4143660.7 | K10: =K9*E9+'Q5) data '!$C$2 -> 3490227.9 | L10: =L9*F9+'Q5) data '!$C$2 -> 4380215.4 | M10: =M9*G9+'Q5) data '!$C$2 -> 3509654.3
A11: 7 | C11: =1+'Q5) data '!B16 -> 0.96681365 | D11: =1+'Q5) data '!C16 -> 1.168853 | E11: =1+'Q5) data '!D16 -> 1.0071034 | F11: =1+'Q5) data '!E16 -> 0.97237564 | G11: =1+'Q5) data '!F16 -> 1.0550578 | I11: =I10*C10+'Q5) data '!$C$2 -> 4382775.7 | J11: =J10*D10+'Q5) data '!$C$2 -> 4649842.7 | K11: =K10*E10+'Q5) data '!$C$2 -> 3805691.3 | L11: =L10*F10+'Q5) data '!$C$2 -> 5134993 | M11: =M10*G10+'Q5) data '!$C$2 -> 3985670.6
A12: 8 | C12: =1+'Q5) data '!B17 -> 0.9888 | D12: =1+'Q5) data '!C17 -> 1.0582038 | E12: =1+'Q5) data '!D17 -> 1.06 | F12: =1+'Q5) data '!E17 -> 1.0108602 | G12: =1+'Q5) data '!F17 -> 1.1163145 | I12: =I11*C11+'Q5) data '!$C$2 -> 4737327.4 | J12: =J11*D11+'Q5) data '!$C$2 -> 5934982.6 | K12: =K11*E11+'Q5) data '!$C$2 -> 4332724.7 | L12: =L11*F11+'Q5) data '!$C$2 -> 5493142.1 | M12: =M11*G11+'Q5) data '!$C$2 -> 4705112.9
A13: 9 | C13: =1+'Q5) data '!B18 -> 1.05 | D13: =1+'Q5) data '!C18 -> 1.014116 | E13: =1+'Q5) data '!D18 -> 1.0563805 | F13: =1+'Q5) data '!E18 -> 1.0166825 | G13: =1+'Q5) data '!F18 -> 1.0606915 | I13: =I12*C12+'Q5) data '!$C$2 -> 5184269.3 | J13: =J12*D12+'Q5) data '!$C$2 -> 6780421.2 | K13: =K12*E12+'Q5) data '!$C$2 -> 5092688.1 | L13: =L12*F12+'Q5) data '!$C$2 -> 6052798.6 | M13: =M12*G12+'Q5) data '!$C$2 -> 5752385.6
A14: 10 | I14: =I13*C13 -> 5443482.7 | J14: =J13*D13 -> 6876133.3 | K14: =K13*E13 -> 5379816.5 | L14: =L13*F13 -> 6153774.7 | M14: =M13*G13 -> 6101506.7
A16: Expected fund value | C16: =AVERAGE(I14:M14) -> 5990942.8 | H16: Utility | I16: =IF(I14<=6000000,0.00001*I14,85) -> 54.434827 | J16: =IF(J14<=6000000,0.00001*J14,85) -> 85 | K16: =IF(K14<=6000000,0.00001*K14,85) -> 53.798165 | L16: =IF(L14<=6000000,0.00001*L14,85) -> 85 | M16: =IF(M14<=6000000,0.00001*M14,85) -> 85
A17: Fund exceeds 60,00,000 after 5 years? | C17: =I9>6000000 -> FALSE | D17: =J9>6000000 -> FALSE | E17: =K9>6000000 -> FALSE | F17: =L9>6000000 -> FALSE | G17: =M9>6000000 -> FALSE
A18: Probability fund exceeeds 60L after 5 years | C18: =COUNTIF(C17:G17,TRUE)/COUNTA(C17:G17) -> 0 | J18: Expected utility | M18: =SUM(I16:M16)/5 -> 72.646598
